 Dungeon Crawl Stone Soup version 0.28.0-53-g5a82cb258f (webtiles) character file.

Game seed: 13755677001886552362

17 wingedge the Digger (level 2, 0/16 HPs)
             Began as a Gargoyle Earth Elementalist on June 7, 2022.
             Frozen to death by an endoplasm (3 damage)
             ... on level 1 of the Dungeon.
             The game lasted 00:02:52 (533 turns).

wingedge the Digger (Gargoyle Earth Elementalist)    Turns: 533, Time: 00:02:54

Health: 0/16       AC:  4    Str: 11    XL:     2   Next: 62%
Magic:  3/5        EV: 12    Int: 15    God:
Gold:   9          SH:  0    Dex: 10    Spells: 4/5 levels left

rFire   . . .      SeeInvis .   a - +0 dagger
rCold   . . .      Faith    .   (no shield)
rNeg    + . .      Spirit   .   b - +0 robe
rPois   ∞          Reflect  .   (no helmet)
rElec   +          Harm     .   (no cloak)
rCorr   .          Rampage  .   (no gloves)
Will    .....                   (no boots)
Stlth   ++........              (no amulet)
HPRegen 0.05/turn               (no ring)
MPRegen 0.09/turn               (no ring)

@: no status effects
A: sickness immunity, AC +2, negative energy resistance 1, electricity
resistance, torment resistance 1, petrification resistance
a: no special abilities


You were on level 1 of the Dungeon.
You visited 1 branch of the dungeon, and saw 1 of its levels.

You collected 9 gold pieces.

Inventory:

Hand Weapons
 a - a +0 dagger (weapon)
Missiles
 c - 20 stones
 d - 28 arrows
Armour
 b - a +0 robe (worn)


   Skills:
 - Level 1.0 Fighting
 + Level 1.8 Dodging
 - Level 2.1 Stealth
 + Level 2.2 Spellcasting
 - Level 1.0 Transmutations
 + Level 3.9 Earth Magic


You had 4 spell levels left.
You knew the following spells:

 Your Spells              Type           Power      Damage    Failure   Level
a - Sandblast             Erth           26%        2d8       4%          1

Your spell library contained the following spells:

 Spells                   Type           Power      Damage    Failure   Level
 Passwall                 Tmut/Erth      7%         N/A       12%         2
 Stone Arrow              Conj/Erth      14%        3d7       28%         3
 Petrify                  Tmut/Erth      9%         N/A       61%         4


Dungeon Overview and Level Annotations

Branches:
Dungeon (1/15)

Altars:


Innate Abilities, Weirdness & Mutations

You are immune to sickness and miasma.
Your stone body is resilient. (AC +2)
You are immune to poison.
You resist negative energy. (rN+)
You are resistant to electric shocks. (rElec)
You are resistant to unholy torment.
You are immune to petrification.


Message History

Aiming: Sandblast (safe; 4% risk of failure)
Press: ? - help, Q - select action, (/) - cycle Shift-Dir - straight line, f - quokka
Aim: a quokka (71% to hit)
The blast of sand hits the quokka.
The quokka is moderately wounded.
The quokka bites you. The hobgoblin hits you.
You hit the quokka but do no damage.
The quokka is moderately wounded.
The quokka bites you. The hobgoblin closely misses you.
You barely miss the quokka.
The quokka is moderately wounded.
The quokka barely misses you. The hobgoblin hits you. The quokka misses you.
As you read the scroll labelled YRUBBU VUSCH, it crumbles to dust.
It is a scroll of identify.
You don't have any unidentified items.
The quokka bites you.
* * * LOW HITPOINT WARNING * * *
The hobgoblin completely misses you. The quokka closely misses you.
The goblin hits you but does no damage. The hobgoblin barely misses you.
The quokka completely misses you.
The quokka twitches its whiskers.
A rat comes into view.
An endoplasm comes into view.
A kobold comes into view. It is wielding a +0 short sword.
The rat barely misses you.
The endoplasm quivers.
The endoplasm closely misses you.
The kobold shouts!
You hit the endoplasm.
The endoplasm is heavily wounded.
The hobgoblin closely misses you. The rat barely misses you.
You hit the endoplasm.
The endoplasm is almost dead.
The hobgoblin barely misses you. The rat bites you.
* * * LOW HITPOINT WARNING * * *
The endoplasm freezes you.
You are frozen.
You die...

# #.#.####.##.# ....... .#..## #
#.#<# #.##.# ....... .....# #
#.### ##.#.# ....... #..... #
##.# #.#.# ....K..####....# ##
#.## #.#.# ..........##.#.. †#
##.# ##.#.###.......##.##...# .#
### #.##.#>........)........ .##
##.#.###rJ.....####.#..). #.##
####.##.###@##... #.##..>
##.###...##.###gg#### #..#...
##...####.## #..r.## ##...#.
#######..## #.##..## ##..#.
##......### #.###..## #....
#'######'######.# ##..## #.#..
................#####..### #....
..........†..............####....
......†.....#########.......#....


You could see an endoplasm, a quokka, a hobgoblin, a goblin, a kobold and a rat.

Vanquished Creatures
  A dart slug (D:1)
  2 giant cockroaches (D:1)
  2 goblins (D:1)
  2 hobgoblins (D:1)
  2 kobolds (D:1)
  A quokka (D:1)
  A ball python (D:1)
  A bat (D:1)
  2 frilled lizards (D:1)
14 creatures vanquished.

Notes
Turn   | Place    | Note
-------+----------+-------------------------------------------
     0 | D:1      | wingedge the Gargoyle Earth Elementalist began the quest
                  | for the Orb.
     0 | D:1      | Reached XP level 1. HP: 10/10 MP: 3/3
   362 | D:1      | Reached skill level 1 in Transmutations
   362 | D:1      | Reached XP level 2. HP: 16/16 MP: 1/5
   491 | D:1      | Reached skill level 1 in Fighting
   533 | D:1      | Frozen to death by an endoplasm

Illustrated notes

Levels and vault maps discovered:
D:1:      dpeg_arrival_solitude, layout_rooms

Skill      XL: |  1  2 |
---------------+-------+-----
Transmutations | 1 |  1.0
Fighting       | 1 |  1.0
Dodging        | |  1.8
Stealth        | |  2.1
Spellcasting   | |  2.2
Earth Magic    | |  3.9

Action                   || total
-------------------------++-------
Melee: Dagger            ||     4
 Cast: Sandblast         ||    23
  Use: Scroll            ||     1
Armor: Robe              ||     8
Dodge: Dodged            ||    21
